 Dungeon Crawl Stone Soup version 0.30-a0-586-g23e55c9e0a (webtiles) character file.

Game seed: 8327249795504802318

39 Decipherer the Cudgeller (level 3, -3/33 HPs)
             Began as a Minotaur Berserker on Jan 3, 2023.
             Was a Believer of Trog.
             Slain by Robin
             ... wielding a +0 spear
              (5 damage)
             ... on level 2 of the Dungeon.
             The game lasted 00:00:38 (681 turns).

Decipherer the Cudgeller (Minotaur Berserker)        Turns: 681, Time: 00:00:38

Health: -3/33      AC:  2    Str: 23    XL:     3   Next: 26%
Magic:  2/2        EV: 12    Int:  4    God:    Trog [**....]
Gold:   50         SH:  0    Dex:  9    Spells: 2/2 levels left

rFire   . . .      SeeInvis .    a - +0 mace
rCold   . . .      Faith    .    (no shield)
rNeg    . . .      Spirit   .    b - +0 animal skin
rPois   .          Reflect  .    (helmet restricted)
rElec   .          Harm     .    (no cloak)
rCorr   .          Rampage  .    (no gloves)
Will    .....                    (no boots)
Stlth   +                        (no amulet)
HPRegen 0.25/turn                (no ring)
MPRegen 0.08/turn                (no ring)

@: no status effects
A: horns 2, retaliatory headbutt
a: Renounce Religion, Berserk, Trog's Hand


You were on level 2 of the Dungeon.
You worshipped Trog.
Trog was pleased with you.
You visited 1 branch of the dungeon, and saw 2 of its levels.

You collected 50 gold pieces.

Inventory:

Hand Weapons
 a - a +0 mace (weapon)
Missiles
 f - 4 poisoned darts
Armour
 b - a +0 animal skin (worn)
Jewellery
 e - a ring of resist corrosion
Scrolls
 d - a scroll of summoning {unknown}
 g - a scroll of identify {unknown}


   Skills:
 + Level 4.3 Fighting
 + Level 4.6 Maces & Flails
 + Level 2.6 Armour
 + Level 2.3 Dodging


You had 2 spell levels left.
You didn't know any spells.
Your spell library contained the following spells:

 Spells                   Type           Power      Damage    Failure   Level
 Hailstorm                Conj/Ice       0%         3d3       86%         3
 Ice Form                 Ice/Tmut       0%         N/A       99%         4
 Simulacrum               Ice/Necr       0%         N/A       100%        6


Dungeon Overview and Level Annotations

Branches:
Dungeon (2/15)

Altars:

Shops:
D:2 :

Annotations:
D:2 Robin


Innate Abilities, Weirdness & Mutations

You have a pair of horns on your head.
You reflexively headbutt those who attack you in melee.


Message History

There are monsters nearby!
You barely miss the goblin. The goblin hits you with a +0 club.
Unknown command.
There are monsters nearby!
You are too injured to fight recklessly!
Unknown command.
There are monsters nearby!
You are too injured to fight recklessly!
Unknown command.
There are monsters nearby!
You are too injured to fight recklessly!
Unknown command.
There are monsters nearby!
You are too injured to fight recklessly!
Unknown command.
You barely miss the goblin. Your headbutt misses the goblin.
The hobgoblin closely misses you. The goblin closely misses you.
You furiously retaliate!
You headbutt the goblin. You hit the goblin.
You kill the goblin!
Trog accepts your kill.
Robin points. "Kill!"
Robin hits you from afar with a +0 spear.
The hobgoblin hits you.
You closely miss the hobgoblin. Your headbutt misses the hobgoblin.
Robin hits you from afar with a +0 spear.
The hobgoblin hits you.
* * * LOW HITPOINT WARNING * * *
You barely miss the hobgoblin. You headbutt the hobgoblin.
The hobgoblin is severely wounded.
Robin hits you from afar with a +0 spear.
* * * LOW HITPOINT WARNING * * *
The hobgoblin hits you.
* * * LOW HITPOINT WARNING * * *
You aren't carrying any potions.
As you read the scroll labelled UTOL REIKHAREU, it crumbles to dust.
It is a scroll of amnesia.
You feel forgetful for a moment.
Robin hits you from afar with a +0 spear.
You die...

### ..# #.# #.#
###.#############
#...............##
#)#...............
#@#..##########.##
#g#..# #... #g#..#
#### #g#[.# ..#..#
###..# #..# ...#


You could see Robin and 2 hobgoblins.

Vanquished Creatures
  An adder (D:2)
  A dart slug (D:1)
  A bat (D:1)
  An endoplasm (D:1)
  2 giant cockroaches (D:1)
  4 goblins
  4 hobgoblins
  2 jackals (D:1)
  3 ball pythons (D:1)
  3 frilled lizards (D:1)
  2 kobolds (D:1)
  2 rats (D:1)
26 creatures vanquished.

Notes
Turn   | Place    | Note
-------+----------+-------------------------------------------
     0 | D:1      | Decipherer the Minotaur Berserker began the quest for the
                  | Orb.
     0 | D:1      | Reached XP level 1. HP: 19/19 MP: 0/0
   107 | D:1      | Reached XP level 2. HP: 24/27 MP: 1/1
   611 | D:2      | Found Ireoscholoc's Book Shop.
   625 | D:2      | Reached XP level 3. HP: 26/33 MP: 2/2
   670 | D:2      | Noticed Robin
   673 | D:2      | Reached ** piety under Trog
   681 | D:2      | Slain by Robin

Illustrated notes

Levels and vault maps discovered:
D:1:      beargit_arrival_greenhouse, layout_loops_ring
D:2:      layout_loops_ring, serial_shops, nicolae_shop_bloodbath_and_beyond,
          nicolae_shop_crystal, shop, ebering_ecumenical_altar_mist, uniq_robin,
          uniq_terence

Skill      XL: |  1  2 |
---------------+-------+-----
Maces & Flails | 4 |  4.6
Fighting       | 4 |  4.3
Armour         | |  2.6
Dodging        | |  2.3

Action                   || total
-------------------------++-------
Melee: Mace              ||    47
       Headbutt          ||     3
  Use: Scroll            ||     1
Armor: Animal skin       ||     9
Dodge: Dodged            ||    29

Table legend: (Time is in decaauts)
 A = Elapsed time spent in this place.
 B = Non-inter-level travel time spent in this place.
 C = Inter-level travel time spent in this place.
 D = Time resting spent in this place.
 E = Time spent auto-exploring this place.
 F = Levels seen in this place.
 G = Mean time per level.
                   A        B        C        D        E       F      G
               +--------+--------+--------+--------+--------+-----+--------+
         Total |    689 |    634 |     55 |      0 |    507 |   2 |  344.5 |
       Dungeon |    689 |    634 |     55 |      0 |    507 |   2 |  344.5 |
               +--------+--------+--------+--------+--------+-----+--------+

Top non-repeatable levels by time:
     D:1: 616 daAuts
     D:2: 73 daAuts
